 Dungeon Crawl Stone Soup version 0.30-a0-292-g0f741e3f8e (webtiles) character file.

Game seed: 14879650305424171914

27913 plokij the Carver (level 13, -4/118 HPs)
             Began as a Minotaur Fighter on Oct 17, 2022.
             Was a High Priest of Okawaru.
             Slain by an enormous slime creature (7 damage)
             ... on level 13 of the Dungeon.
             The game lasted 01:12:43 (15646 turns).

plokij the Carver (Minotaur Fighter)               Turns: 15646, Time: 01:12:43

Health: -4/118     AC: 35    Str: 22    XL:     13   Next: 6%
Magic:  10/12      EV: 13    Int:  5    God:    Okawaru [*****.]
Gold:   815        SH:  8    Dex: 12    Spells: 12/12 levels left

rFire   . . .      SeeInvis .    P - +4 scimitar (flame)
rCold   + . .      Faith    .    c - +0 buckler
rNeg    . . .      Spirit   .    T - +2 crystal plate armour {rC+}
rPois   .          Reflect  .    R - +1 hat
rElec   .          Harm     .    (no cloak)
rCorr   .          Rampage  .    w - +0 pair of gloves
Will    .....                    Q - +0 pair of boots
Stlth   ..........               (no amulet)
HPRegen 0.39/turn                v - +4 ring of protection
MPRegen 0.13/turn                d - +4 ring of evasion

@: heroic
A: horns 2, retaliatory headbutt, claws 1, clumsy 1
a: Renounce Religion, Heroism, Finesse, Duel


You were on level 13 of the Dungeon.
You worshipped Okawaru.
Okawaru was extremely pleased with you.
You visited 2 branches of the dungeon, and saw 14 of its levels.
You also visited: Sewer and Ice Cave.

You collected 815 gold pieces.

Inventory:

Hand Weapons
 s - the +6 scimitar of Trauma {vorpal, Contam rN+ SInv}
   (Okawaru gifted it to you in an ice cave)

   It inflicts extra damage upon your enemies.
   rN:        It protects you from negative energy.
   SInv:      It lets you see invisible.
   Contam:    It causes magical contamination when unequipped.
 K - a +4 great sword of freezing
 L - a +0 arbalest
 M - a +5 sling of flaming
 P - a +4 scimitar of flaming (weapon)
Armour
 c - a +0 buckler (worn)
 w - a +0 pair of gloves (worn)
 Q - a +0 pair of boots (worn)
 R - a +1 hat (worn)
 T - a +2 crystal plate armour of cold resistance (worn)
Magical Staves
 C - a staff of earth
 G - a staff of death
Jewellery
 d - a +4 ring of evasion (right hand)
 l - a ring of ice
 n - an amulet of magic regeneration
 v - a +4 ring of protection (left hand)
 E - a ring of see invisible
 S - a ring of resist corrosion
 U - a ring of ice
 X - a +4 ring of protection
Wands
 p - a wand of quicksilver (4)
 q - a wand of roots (5)
 x - a wand of charming (20)
 I - a wand of flame (22)
Scrolls
 a - 4 scrolls of enchant weapon
 b - 2 scrolls of silence
 e - 4 scrolls of teleportation
 f - 4 scrolls of identify (quivered)
 j - 3 scrolls of magic mapping
 o - 5 scrolls of summoning
 r - 3 scrolls of brand weapon
 t - 3 scrolls of blinking
 y - 3 scrolls of fear {unknown}
 D - 3 scrolls of fog {unknown}
 H - 2 scrolls of amnesia {unknown}
 O - a scroll of noise {unknown}
 V - a scroll of immolation {unknown}
Potions
 g - a potion of lignification
 h - a potion of attraction {unknown}
 i - 2 potions of brilliance
 k - a potion of cancellation {unknown}
 m - 3 potions of curing
 u - a potion of experience
 z - a potion of resistance
 A - 2 potions of ambrosia
 B - a potion of berserk rage {unknown}
 F - 2 potions of haste
 J - a potion of might
 N - 2 potions of flight {unknown}
 W - a potion of heal wounds


   Skills:
 + Level 12.0(17.0) Fighting
 + Level 12.1(17.1) Long Blades
 - Level 3.5(8.5) Ranged Weapons
 + Level 12.0(17.0) Armour
 + Level 10.4(15.4) Dodging
 + Level 12.0(17.0) Shields
 - Level 1.7 Earth Magic


You had 12 spell levels left.
You didn't know any spells.
Your spell library contained the following spells:

 Spells                   Type           Power      Damage    Failure   Level
 Shock                    Conj/Air       0%         1d3       100%        1
 Sting                    Tmut/Pois      0%         1d3       100%        1
 Poisonous Vapours        Pois/Air       0%         N/A       100%        2
 Gell's Gravitas          Tloc           0%         N/A       100%        3
 Hailstorm                Conj/Ice       0%         3d3       100%        3
 Lesser Beckoning         Tloc           0%         N/A       100%        3
 Swiftness                Air            0%         N/A       100%        3
 Teleport Other           Tloc           0%         N/A       100%        3
 Vhi's Electric Charge    Tloc/Air       0%         N/A       100%        3
 Airstrike                Air            0%         2d(0-16)  100%        4
 Ice Form                 Ice/Tmut       0%         N/A       100%        4
 Olgreb's Toxic Radiance  Pois           0%         N/A       100%        4
 Arcjolt                  Conj/Air       0%         1d10      100%        5
 Freezing Cloud           Conj/Ice/Air   0%         6-21      100%        5
 Maxwell's Capacitive Co  Air            0%         ∞         100%        8
 Polar Vortex             Ice            0%         N/A       100%        9
 Animate Dead             Necr           Unusable   N/A       N/A         4
 Simulacrum               Ice/Necr       Unusable   N/A       N/A         6
 Haunt                    Necr/Summ      Unusable   N/A       N/A         7
 Infestation              Necr           Unusable   N/A       N/A         8

Dungeon Overview and Level Annotations

Branches:
Dungeon (13/15)            Temple (1/1) D:7            Lair (0/5) D:11
    Orc (0/2) D:11          Sewer (visited)           IceCv (visited)
 Vaults: D:13-14

Altars:
Ashenzari
Cheibriados
Dithmenos
Elyvilon
Fedhas
Gozag
Hepliaklqana
Kikubaaqudgha
Makhleb
Nemelex Xobeh
Okawaru
Qazlal
Ru
Sif Muna
Trog
Uskayaw
Vehumet
Wu Jian
Xom
Yredelemnul
Zin
The Shining One
Jiyva

Shops:
D:6 *   D:11 *

Annotations:
D:4 3 runed translucent doors, sleeves's ghost, amateur DsWr
D:6 3 runed translucent doors, Ekaitz's ghost, novice DsFE
D:10 2 transporters


Innate Abilities, Weirdness & Mutations

You have a pair of horns on your head.
You reflexively headbutt those who attack you in melee.
You have sharp fingernails.
You are clumsy. (Dex -2)


Message History

You headbutt the slime creature.
The slime creature is moderately wounded.
The slime creature hits you but does no damage.
You slash the slime creature! You burn the slime creature!
The slime creature is severely wounded.
You block the slime creature's attack.
You hit the slime creature. You burn the slime creature.
You headbutt the slime creature, but do no damage.
The slime creature is severely wounded.
You slash the slime creature! You burn the slime creature.
You kill the slime creature!
Okawaru accepts your kill.
You hit the enormous slime creature but do no damage.
The enormous slime creature closely misses you.
The slime creature quivers.
You slash the enormous slime creature! You burn the enormous slime creature.
The enormous slime creature is lightly wounded.
The enormous slime creature hits you!!!
The slime creature quivers.
You hit the enormous slime creature. You burn the enormous slime creature.
Your headbutt misses the enormous slime creature.
The enormous slime creature is lightly wounded.
The enormous slime creature hits you!!
You slash the enormous slime creature! You burn the enormous slime creature.
You headbutt the enormous slime creature!
The enormous slime creature is lightly wounded.
The enormous slime creature barely misses you.
You furiously retaliate!
You headbutt the enormous slime creature!
You gain the combat prowess of a mighty hero.
The enormous slime creature hits you!!!
* * * LOW HITPOINT WARNING * * *
Two slime creatures merge to form a large slime creature.
You hit the enormous slime creature. You burn the enormous slime creature.
You headbutt the enormous slime creature!
The enormous slime creature is moderately wounded.
You hit the enormous slime creature. You burn the enormous slime creature.
The enormous slime creature is moderately wounded.
A large slime creature splits.
The enormous slime creature hits you!
You die...

..J.J.# .....# J...#
...# ##'# ##..# #JJ##
#J## ####@## #.....#
#...).# ##+####
#.....#######.....#
#.....'....##.....###
#.....####..'.....'..
#.....# #.....###
#.....# #.....#
#.....# ###'###


You could see an enormous slime creature and 2 slime creatures.

Vanquished Creatures
  Fannar (D:11)
  Erica (D:10)
  2 two-headed ogres (D:10)
  A boulder beetle (D:11)
  2 tengu warriors (D:11)
  Nergalle (D:11)
  A deep elf pyromancer (D:13)
  4 ugly things
  2 cyclopes
  3 ice statues (IceCv)
  2 anaconda simulacra (IceCv)
  A merfolk (shapeshifter) (D:11)
  5 trolls
  A slime creature (D:13)
  2 shadows
  6 wraiths
  A vampire (D:11)
  A wyvern (D:8)
  11 yaks
  A basilisk (D:12)
  A death yak simulacrum (IceCv)
  6 vampire mosquitoes
  3 wargs (D:11)
  Menkaure (D:7)
  A water moccasin (D:7)
  An acid dragon (D:10)
  A hydra simulacrum (IceCv)
  3 orc warriors
  An ice beast (D:8)
  Pargi (Sewer)
  A black bear (D:11)
  2 sky beasts
  3 centaurs
  2 kobold brigands
  7 bullfrogs
  3 scorpions (D:5)
  A cane toad simulacrum (IceCv)
  11 wights
  4 killer bees (D:7)
  3 elephant simulacra (IceCv)
  5 orc priests
  A hound (D:6)
  Terence (D:2)
  8 orc wizards
  A mummy (D:8)
  4 gnolls (D:7)
  9 adders
  13 white imps
  7 worms
  4 dart slugs
  28 orcs
  3 endoplasms
  4 giant cockroaches
  9 hobgoblins
  10 jackals
  2 quokkas (D:2)
  10 ball pythons
  6 bats
  A frilled lizard (D:3)
  8 goblins
  9 kobolds
  13 rats
  A spectral orc (D:3)
262 creatures vanquished.

Vanquished Creatures (others)
  4 bushes (D:6)
  14 fungi (D:11)
  35 plants
53 creatures vanquished.

Grand Total: 315 creatures vanquished

Notes
Turn   | Place    | Note
-------+----------+-------------------------------------------
     0 | D:1      | plokij the Minotaur Fighter began the quest for the Orb.
     0 | D:1      | Reached XP level 1. HP: 19/19 MP: 0/0
   425 | D:1      | Reached XP level 2. HP: 24/27 MP: 1/1
   936 | D:2      | Reached skill level 1 in Dodging
   950 | D:2      | Reached XP level 3. HP: 33/33 MP: 2/2
  1226 | D:2      | Reached XP level 4. HP: 39/40 MP: 3/3
  1510 | D:2      | Noticed Terence
  1520 | D:2      | Killed Terence
  1945 | D:3      | Reached XP level 5. HP: 47/47 MP: 4/4
  2355 | D:3      | Found a hazy altar of Hepliaklqana.
  3017 | D:4      | Found a runed translucent gate.
  3018 | D:4      | Found a runed translucent gate.
  3019 | D:4      | Found a runed translucent gate.
  3019 | D:4      | Noticed sleeves's ghost (amateur DsWr)
  3366 | D:5      | Entered Level 5 of the Dungeon
  3607 | D:5      | Reached XP level 6. HP: 55/55 MP: 5/5
  3656 | D:5      | Reached skill level 5 in Fighting
  3656 | D:5      | Reached skill level 5 in Armour
  3656 | D:5      | Reached skill level 5 in Shields
  4027 | D:6      | Noticed an ice beast
  4049 | D:6      | Found a runed translucent gate.
  4049 | D:6      | Found a runed translucent gate.
  4049 | D:6      | Found a runed translucent gate.
  4087 | D:6      | Noticed a sky beast
  4100 | D:6      | Killed a sky beast
  4101 | D:6      | Reached skill level 5 in Long Blades
  4101 | D:6      | Reached XP level 7. HP: 43/61 MP: 6/6
  4350 | D:6      | Found a shimmering altar of Xom.
  4451 | D:6      | Found Yhetwuan's Mayhem Merchandise.
  4470 | D:6      | Found a stormy altar of Qazlal.
  4470 | D:6      | Found a broken altar of Ashenzari.
  4497 | D:6      | Noticed Ekaitz's ghost (novice DsFE)
  4587 | D:6      | Found a glowing drain.
  4605 | Sewer    | Entered a sewer
  4628 | Sewer    | Noticed Pargi
  4636 | Sewer    | Killed Pargi
  4809 | D:6      | Found a shimmering blue altar of Sif Muna.
  4809 | D:6      | Found a hide-covered altar of Uskayaw.
  4820 | D:6      | Found a faded altar of an unknown god.
  4822 | D:6      | Found a faded altar of an unknown god.
  4825 | D:6      | Found a bloodstained altar of Trog.
  4965 | D:6      | Found a blossoming altar of Fedhas.
  5368 | D:7      | Noticed Menkaure
  5376 | D:7      | Killed Menkaure
  5377 | D:7      | Reached XP level 8. HP: 7/70 MP: 7/7
  6055 | D:7      | Found a staircase to the Ecumenical Temple.
  6064 | Temple   | Entered the Ecumenical Temple
  6100 | Temple   | Became a worshipper of Warmaster Okawaru
  6350 | D:8      | Reached skill level 5 in Dodging
  6594 | D:8      | Reached * piety under Okawaru
  6692 | D:7      | Reached XP level 9. HP: 57/79 MP: 8/8
  6846 | D:8      | Found a sacrificial altar of Ru.
  7276 | D:8      | Reached ** piety under Okawaru
  7419 | D:8      | Found a snail-covered altar of Cheibriados.
  8082 | D:9      | Reached XP level 10. HP: 88/90 MP: 9/9
  8279 | D:9      | Reached *** piety under Okawaru
  8297 | D:9      | Found a glowing golden altar of the Shining One.
  8588 | D:10     | Entered Level 10 of the Dungeon
  8612 | D:10     | Found a transporter.
  8614 | D:10     | Found a viscous altar of Jiyva.
  8616 | D:10     | Noticed a great orb of eyes
  8617 | D:10     | Found a transporter.
  8620 | D:10     | Noticed a two-headed ogre
  8632 | D:10     | Killed a two-headed ogre
  8872 | D:10     | Noticed a two-headed ogre
  8956 | D:10     | Reached **** piety under Okawaru
  9091 | D:10     | Killed a two-headed ogre
  9460 | D:10     | Noticed Erica
  9470 | D:10     | Killed Erica
 10420 | D:11     | Noticed Nergalle
 10475 | D:11     | Killed Nergalle
 10622 | D:11     | Found a staircase to the Orcish Mines.
 10630 | D:11     | Reached XP level 11. HP: 99/99 MP: 10/10
 10669 | D:11     | Reached ***** piety under Okawaru
 10670 | D:11     | Reached skill level 10 in Long Blades
 10677 | D:11     | Reached skill level 10 in Shields
 10684 | D:11     | Reached skill level 10 in Armour
 10695 | D:11     | Reached skill level 10 in Fighting
 11045 | D:11     | Noticed a tengu warrior
 11046 | D:11     | Noticed a tengu warrior
 11058 | D:11     | Killed a tengu warrior
 11073 | D:11     | Killed a tengu warrior
 11230 | D:11     | Noticed Fannar
 11347 | D:11     | Found Xotihay's Assorted Antiques.
 11370 | D:11     | Gained mutation: You are clumsy. (Dex -2) [potion of
                  | mutation]
 11370 | D:11     | Gained mutation: You have sharp fingernails. [potion of
                  | mutation]
 11384 | D:11     | Reached XP level 12. HP: 110/110 MP: 11/11
 11565 | D:11     | Noticed a boulder beetle
 11603 | D:11     | Killed a boulder beetle
 11646 | D:11     | HP: 3/110 [Fannar/+0 quarterstaff of freezing (4)]
 11647 | D:11     | Killed Fannar
 12284 | D:11     | Found a staircase to the Lair.
 12626 | D:12     | Reached skill level 10 in Dodging
 12790 | D:12     | Found a shimmering altar of Xom.
 12823 | D:12     | Found a gate leading to a gauntlet.
 13416 | D:13     | Reached ****** piety under Okawaru
 13426 | D:13     | Found a frozen archway.
 13436 | IceCv    | Entered an ice cave
 14801 | IceCv    | Reached skill level 1 in Ranged Weapons
 15035 | IceCv    | Reached skill level 1 in Earth Magic
 15046 | IceCv    | Identified the +6 scimitar of Trauma {vorpal, Contam rN+
                  | SInv} (Okawaru gifted it to you in an ice cave)
 15046 | IceCv    | Received a gift from Okawaru
 15047 | IceCv    | Reached XP level 13. HP: 41/117 MP: 9/12
 15644 | D:13     | HP: 3/118 [enormous slime creature (50)]
 15646 | D:13     | Slain by an enormous slime creature

Illustrated notes

Levels and vault maps discovered:
D:1:      roderic_crop_circles_arrival_small, layout_basic, minmay_misc_feat_iff
D:2:      minmay_chambers_of_twos, layout_basic, uniq_terence
D:3:      layout_loops_cross, nicolae_hepliaklqana_monster_ancestors
D:4:      layout_cave_pools, gammafunk_ghost_split, dk_vineyard_3,
          palyth_stone_intersect
D:5:      layout_rooms, corexii_item_surrounded_by_moat
D:6:      layout_loops_ring, lemuel_coloured_pillars_altar,
          fedhas_altar_decomposition, chequers_temple_overflow_minitemple,
          gammafunk_temple_overflow_wave, gammafunk_ghost_icy,
          cheibrodos_sewer_entry_bend, serial_park_tiny_2,
          grunt_decor_mini_mirrors, chequers_serial_rivers_marsh,
          minmay_shop_mayhem, hangedman_decor_push
D:7:      layout_basic, minmay_temple_entry_nine_rooms, uniq_menkaure
D:8:      layout_rooms, mainiacjoe_overflow_cross_hatched, slow_altar_2,
          blue_anna_alchemist
D:9:      layout_roguey, nicolae_tso_carved_into_rock
D:10:     gammafunk_jiyva_shrine, layout_basic, enter_bailey_3, uniq_erica
D:11:     layout_loops_ring, grunt_lair_entry_orc_guard_hut,
          minmay_orc_entry_guard_dogs, serial_shops, nicolae_diamond_shop,
          grunt_ministairs_15, minmay_misc_feat_hallway, uniq_nergalle,
          uniq_fannar
D:12:     layout_loops_ring, gauntlet_entry_generic, xom_teletrap_fun
D:13:     layout_roguey, portal_ice_cave_entry_imps
Temple:   jpeg_temple_clearing

Skill      XL: |  1  2  3  4  5  6  7  8  9 10 11 12 13 |
---------------+----------------------------------------+-----
Dodging        | 1 2 3 5 6 8 9 10 | 10.4
Fighting       | 4 5 6 7 8 9 11 12 | 12.0
Armour         | 4 5 6 7 8 9 11 12 | 12.0
Shields        | 4 5 6 7 8 9 11 12 | 12.0
Long Blades    | 3 4 5 6 7 8 9 11 12 | 12.1
Ranged Weapons | 3 |  3.5
Earth Magic    | 1 |  1.7

Action                   |  1- 3 |  4- 6 |  7- 9 | 10-12 | 13-15 || total
-------------------------+-------+-------+-------+-------+-------++-------
Melee: Long sword        |   115 |   131 |       |       |       ||   246
       Headbutt          |    15 |    25 |    51 |   102 |     8 ||   201
       Falchion          |       |    46 |   263 |    75 |       ||   384
       Scimitar          |       |       |       |   418 |    28 ||   446
 Fire: Arbalest          |       |       |       |   259 |       ||   259
Invok: Heroism           |       |       |       |    13 |     2 ||    15
  Use: Potion            |       |       |     1 |    10 |       ||    11
       Scroll            |       |       |       |    10 |       ||    10
Armor: Scale mail        |    55 |    10 |       |       |       ||    65
       Ring mail         |       |    63 |   103 |    86 |       ||   252
       Skin              |       |       |       |    14 |       ||    14
       Crystal plate arm |       |       |       |   569 |     8 ||   577
Dodge: Dodged            |    63 |    87 |   174 |   399 |     7 ||   730
Block: Buckler           |    24 |    39 |    66 |   155 |     2 ||   286

Table legend: (Time is in decaauts)
 A = Elapsed time spent in this place.
 B = Non-inter-level travel time spent in this place.
 C = Inter-level travel time spent in this place.
 D = Time resting spent in this place.
 E = Time spent auto-exploring this place.
 F = Levels seen in this place.
 G = Mean time per level.
                   A        B        C        D        E       F      G
               +--------+--------+--------+--------+--------+-----+--------+
         Total |  16028 |  13781 |   2247 |   4309 |   5919 |  16 | 1001.8 |
       Dungeon |  13450 |  11253 |   2197 |   3032 |   5863 |  13 | 1034.6 |
        Temple |    117 |     67 |     50 |      0 |     56 |   1 |  117.0 |
         Sewer |    100 |    100 |      0 |      0 |      0 |   1 |  100.0 |
      Ice Cave |   2360 |   2360 |      0 |   1277 |      0 |   1 | 2360.0 |
               +--------+--------+--------+--------+--------+-----+--------+

Top non-repeatable levels by time:
   IceCv: 2360 daAuts
    D:11: 2072 daAuts
    D:10: 1656 daAuts
     D:6: 1162 daAuts
     D:8: 1121 daAuts
     D:9: 1112 daAuts
     D:7: 1095 daAuts
     D:2: 969 daAuts
     D:1: 933 daAuts
     D:3: 870 daAuts
    D:12: 734 daAuts
     D:4: 655 daAuts
     D:5: 617 daAuts
    D:13: 449 daAuts
  Temple: 117 daAuts
